 Dungeon Crawl Stone Soup version 0.28-a0-1339-ga5422284a4 (webtiles) character file.

Game seed: 13458238408618231020

4984 SnakkuSnakku7 the Reanimator (level 10, -6/46 HPs)
             Began as a Tengu Artificer on Dec 29, 2021.
             Was an Elder of Hepliaklqana.
             Shot with a bolt by an orc warlord (24 damage)
             ... in a bailey.
             The game lasted 00:21:54 (12831 turns).

SnakkuSnakku7 the Reanimator (Tengu Artificer)     Turns: 12831, Time: 00:21:55

Health: -6/46      AC:  5    Str: 15    XL:     10   Next: 53%
Magic:  7/17       EV: 15    Int: 20    God:    Hepliaklqana [****..]
Gold:   76         SH:  5    Dex: 14    Spells: 8/17 levels left

rFire   . . .      SeeInvis .   h - staff of poison
rCold   . . .      Faith    .   (no shield)
rNeg    . . .      Spirit   .   E - +2 robe {Archmagi}
rPois   +          Reflect  +   (helmet restricted)
rElec   .          Harm     .   o - +0 cloak
rCorr   .          Rampage  .   (no gloves)
Will    .....      Archmagi +   (boots unavailable)
Stlth   ++........              r - amulet of reflection
HPRegen 0.15/turn               x - +6 ring of intelligence
MPRegen 0.15/turn               (no ring)

@: flying quickly and evasively, quick
A: reduced essence, beak, talons 3, nimble flight
a: Renounce Religion, Recall Ancestor, Ancestor Identity, Transference, Idealise


You were in a bailey.
You worshipped Hepliaklqana.
Hepliaklqana was greatly pleased with you.
You visited 1 branch of the dungeon, and saw 8 of its levels.
You also visited: Bailey.

You collected 388 gold pieces.
You spent 312 gold pieces at shops.

Inventory:

Hand Weapons
 a - a +0 club
 t - a +1 flail of protection
 B - the +8 great sword "Huofuth" {vorpal, Int-3 Dex+4 Stlth+}
   (You found it on level 7 of the Dungeon)

   It inflicts extra damage upon your enemies.
   Int:       It affects your intelligence (-3).
   Dex:       It affects your dexterity (+4).
   Stlth:     It makes you more stealthy.
Armour
 o - a +0 cloak (worn)
 E - a +2 robe of the Archmagi (worn)
Magical Staves
 h - a staff of poison (weapon)
Jewellery
 p - a ring of fire
 r - an amulet of reflection (around neck)
 x - a +6 ring of intelligence (left hand)
 D - a ring of willpower
Wands
 c - a wand of flame (15)
 d - a wand of charming (12)
 v - a wand of digging (3)
Scrolls
 b - a scroll of vulnerability {unknown}
 f - a scroll of silence {unknown}
 g - a scroll of fog
 n - a scroll of immolation
 s - a scroll of amnesia {unknown}
 u - a scroll of summoning {unknown}
 w - 2 scrolls of teleportation {unknown}
 y - 2 scrolls of enchant weapon {unknown}
 z - a scroll of torment {unknown}
 G - a scroll of brand weapon {unknown}
 H - 2 scrolls of enchant armour {unknown}
 I - a scroll of blinking {unknown}
Potions
 i - 3 potions of curing {unknown}
 j - 3 potions of berserk rage {unknown}
 k - 2 potions of brilliance
 l - 3 potions of invisibility
 m - 3 potions of haste
 q - a potion of attraction
 A - 2 potions of might
 C - a potion of mutation {unknown}
 F - a potion of flight {unknown}
Miscellaneous
 e - a piece from Xom's chessboard (15/15)


   Skills:
 - Level 1.0 Fighting
 - Level 2.1 Armour
 - Level 3.7 Dodging
 - Level 1.0 Stealth
 - Level 4.0 Spellcasting
 - Level 12.0 Necromancy
 + Level 8.1 Poison Magic
 - Level 4.4 Evocations


You had 8 spell levels left.
You knew the following spells:

 Your Spells              Type           Power      Damage    Failure   Level
a - Vampiric Draining     Necr           67%        2d10      1%          3
c - Poisonous Vapours     Pois/Air       90%        N/A       3%          2
z - Olgreb's Toxic Radia  Pois           70%        N/A       4%          4

Your spell library contained the following spells:

 Spells                   Type           Power      Damage    Failure   Level
 Sting                    Tmut/Pois      100%       1d8       2%          1
 Spider Form              Tmut/Pois      45%        N/A       8%          3
 Beastly Appendage        Tmut           12%        N/A       13%         1
 Slow                     Hex            24%        N/A       13%         1
 Wereblood                Tmut           6%         N/A       19%         2
 Confusing Touch          Hex            6%         N/A       36%         3


Dungeon Overview and Level Annotations

Branches:
Dungeon (8/15)             Temple (0/1) D:5          Bailey (1/1)
   Lair: D:8-11

Altars:
Hepliaklqana
Yredelemnul

Shops:
D:4 *   D:6 [

Annotations:
D:2 fire zone
D:7 Joseph


Innate Abilities, Weirdness & Mutations

Your life essence is reduced to manifest your ancestor. (-10% HP)
You have a beak for a mouth.
You have claws for feet.
Your magical nature lets you fly swiftly and evasively.


Message History

The orc warlord looks as sick as possible!
The orc warlord unwields a +0 halberd.
The orc warlord wields a +0 arbalest.
The orc warlord shoots a bolt.
You reflect the bolt off an invisible shield around you!
The bolt hits the orc warlord!!
There is an open door here.
You start resting.
An orc warlord is nearby!
Aiming: Poisonous Vapours (safe; 3% risk of failure)
Press: ? - help, Q - select action, (/) - cycle Dir - move target, f/p - orc warlord
Aim: an orc warlord, wielding a +0 arbalest, wearing a +0 plate armour and quivering bolts (almost dead, very poisoned)
You feel a strong surge of power!
Poisonous vapours surround the orc warlord!
The orc warlord looks as sick as possible!
The orc warlord roars a battlecry!
There is an open door here.
Items here: )) [[ ÷.
Things that are here:
a +0 hand axe; a +0 leather armour
Aiming: Poisonous Vapours (safe; 3% risk of failure)
Press: ? - help, Q - select action, (/) - cycle Dir - move target, f/p - orc warlord
Aim: an orc warlord, wielding a +0 arbalest, wearing a +0 plate armour and quivering bolts (almost dead, very poisoned)
You feel a strong surge of power!
Poisonous vapours surround the orc warlord!
The orc warlord looks as sick as possible!
The orc warlord roars a battlecry!
Aiming: Throw Flame
Press: ? - help, Shift-Dir - straight line, f/p - orc warlord
Aim: an orc warlord, wielding a +0 arbalest, wearing a +0 plate armour and quivering bolts (almost dead, extremely poisoned, 84% to hit)
The puff of flame hits the orc warlord.
The orc warlord is almost dead.
The orc warlord shoots a bolt.
The bolt hits you!
Aiming: Throw Flame
Press: ? - help, Shift-Dir - straight line, f/p - orc warlord
Aim: an orc warlord, wielding a +0 arbalest, wearing a +0 plate armour and quivering bolts (almost dead, extremely poisoned, 84% to hit)
The puff of flame hits the orc warlord but does no damage.
The orc warlord is almost dead.
The orc warlord shoots a bolt.
The bolt hits you!!
Ouch! That really hurt!
You die...

####### ##..∩..##
#.......# ##.......##
#.........#
##.........##
###.....⌠.....#######
..##.)..)....##.@...##
...))........+.......#
..o##)...)..##.......##
..).#.g.....#.........#
....##88.88##.........##
.....###'###....)).....#
....## ...###....)....##
....# g..o..#.)o)))...#
...##..).)..##.......##


You could see an orc warlord (extremely poisoned).

Vanquished Creatures
  An orc knight (Bailey)
  2 trolls
  7 orc warriors (Bailey)
  2 black bears
  An ice beast (D:8)
  A wolf (D:8)
  A centaur (D:7)
  A lemure (D:7)
  A kobold brigand (D:8)
  2 electric eels (D:7)
  A centaur zombie (D:6)
  4 hounds
  A bullfrog skeleton (D:4)
  Crazy Yiuf (D:3)
  3 orc priests
  A gnoll shaman (D:4)
  An iguana (D:5)
  3 orc wizards
  A killer bee zombie (D:7)
  5 adders
  11 gnolls
  A shadow imp (D:7)
  An ufetubus (D:6)
  3 worms
  21 orcs
  7 ball pythons
  10 bats
  5 endoplasms
  2 giant cockroaches
  18 goblins
  24 hobgoblins
  12 jackals
  6 kobolds
  3 quokkas
  2 frilled lizards
  5 rats
171 creatures vanquished.

Vanquished Creatures (collateral kills)
  Pikel (D:7)
  Prince Ribbit (D:5)
  Sigmund (D:2)
  A water moccasin (D:7)
  3 orc warriors (Bailey)
  A necrophage (D:6)
  2 sky beasts
  A phantom (D:5)
  2 bullfrogs (D:8)
  A gnoll sergeant (D:7)
  3 wights (D:8)
  A howler monkey (D:5)
  A bullfrog zombie (D:5)
  2 hounds
  2 jellies
  An iguana (D:5)
  8 gnolls
  A white imp (D:7)
  3 orcs
  3 goblins
  A hobgoblin (Bailey)
  A quokka (D:4)
  A ball python (D:4)
42 creatures vanquished.

Vanquished Creatures (others)
  A gnoll sergeant (D:7)
  4 knights
  2 ancestors
  14 plants
21 creatures vanquished.

Grand Total: 234 creatures vanquished

Notes
Turn   | Place    | Note
-------+----------+-------------------------------------------
     0 | D:1      | SnakkuSnakku7 the Tengu Artificer began the quest for the
                  | Orb.
     0 | D:1      | Reached XP level 1. HP: 12/12 MP: 2/2
   129 | D:1      | You fall into a shaft and drop 1 floor!
   130 | D:2      | Noticed Sigmund
   232 | D:2      | Reached XP level 2. HP: 15/16 MP: 3/3
   701 | D:1      | Reached XP level 3. HP: 19/20 MP: 4/4
  2161 | D:2      | Reached skill level 1 in Necromancy
  2293 | D:2      | Reached XP level 4. HP: 16/25 MP: 5/5
  2297 | D:2      | Learned a level 3 spell: Vampiric Draining
  3249 | D:2      | Reached skill level 2 in Necromancy
  3863 | D:3      | Reached skill level 3 in Necromancy
  3903 | D:3      | HP: 1/25 [orc (5)]
  3909 | D:3      | Gained mutation: Your magical nature lets you fly swiftly
                  | and evasively. [Tengu growth]
  3909 | D:3      | Reached XP level 5. HP: 2/29 MP: 6/6
  4731 | D:3      | Found a faded altar of an unknown god.
  4749 | D:3      | Prayed at the altar of an unknown god.
  4749 | D:3      | Became a worshipper of Hepliaklqana the Forgotten
  4749 | D:3      | Reached * piety under Hepliaklqana
  4901 | D:3      | Found a runed translucent door.
  4902 | D:3      | Noticed Crazy Yiuf
  4937 | D:3      | Killed Crazy Yiuf
  4938 | D:3      | Reached skill level 4 in Necromancy
  5714 | D:4      | Reached XP level 6. HP: 16/30 MP: 7/7
  5856 | D:4      | Reached skill level 5 in Necromancy
  6157 | D:4      | Found Oryc Boy's General Store.
  6182 | D:4      | Bought a wand of flame (24) for 130 gold pieces
  6677 | D:4      | Reached skill level 6 in Necromancy
  7267 | D:3      | Reached XP level 7. HP: 34/34 MP: 1/8
  7596 | D:2      | Killed Sigmund
  7597 | D:2      | Reached skill level 7 in Necromancy
  7699 | D:5      | Entered Level 5 of the Dungeon
  7719 | D:5      | Found a staircase to the Ecumenical Temple.
  7720 | D:5      | Reached ** piety under Hepliaklqana
  7722 | D:5      | Remembered your ancestor Milos as a knight
  7765 | D:5      | Noticed Prince Ribbit
  7774 | D:5      | Killed Prince Ribbit
  7775 | D:5      | Reached skill level 8 in Necromancy
  7999 | D:5      | Reached XP level 8. HP: 38/38 MP: 11/13
  9088 | D:6      | Reached *** piety under Hepliaklqana
  9147 | D:6      | Found a basalt altar of Yredelemnul.
  9168 | D:6      | Noticed a troll
  9181 | D:6      | Killed a troll
  9182 | D:6      | Reached skill level 9 in Necromancy
  9376 | D:6      | Noticed a four-headed hydra
  9726 | D:6      | Found Exucog's Antique Armour Emporium.
  9768 | D:6      | Reached skill level 10 in Necromancy
 10651 | D:7      | Reached XP level 9. HP: 41/42 MP: 14/16
 10655 | D:7      | Identified the +8 great sword "Huofuth" {vorpal, Int-3
                  | Dex+4 Stlth+}
 10865 | D:6      | Bought a brightly glowing leather armour for 182 gold
                  | pieces
 10865 | D:6      | Identified the +1 leather armour of Vehumet's Grace {Int-4
                  | Dex+4} (You bought it in a shop on level 6 of the Dungeon)
 11003 | D:7      | Reached skill level 11 in Necromancy
 11275 | D:7      | Noticed Pikel
 11340 | D:7      | Killed Pikel
 11341 | D:7      | Reached skill level 12 in Necromancy
 11836 | D:7      | Noticed Joseph
 11997 | D:8      | Learned a level 4 spell: Olgreb's Toxic Radiance
 12000 | D:8      | Learned a level 2 spell: Poisonous Vapours
 12025 | D:8      | Reached skill level 1 in Poison Magic
 12034 | D:8      | Noticed a troll
 12049 | D:8      | Killed a troll
 12163 | D:8      | Found a flagged portal.
 12167 | D:8      | Reached XP level 10. HP: 34/46 MP: 10/17
 12171 | D:8      | Reached skill level 5 in Poison Magic
 12221 | D:8      | Identified the +0 ring mail "Dineng" {+Blink rF+ Str-2}
 12255 | Bailey   | Entered a bailey
 12403 | Bailey   | Reached **** piety under Hepliaklqana
 12539 | Bailey   | Noticed an orc knight
 12556 | Bailey   | Killed an orc knight
 12756 | Bailey   | Noticed an orc warlord
 12758 | Bailey   | Noticed an orc knight
 12831 | Bailey   | Shot with a bolt by an orc warlord

Illustrated notes

Levels and vault maps discovered:
D:1:      amcnicky_arrival_single_pillar, layout_basic, minmay_hedge_maze,
          nicolae_wormholes
D:2:      layout_loops_ring, minmay_crystal_room, lemuel_flame_loot_1,
          uniq_sigmund
D:3:      layout_basic, ebering_ecumenical_altar_sacrificial,
          uniq_crazy_yiuf_cottage
D:4:      layout_rooms, serial_shops, nicolae_square_shop
D:5:      minmay_evil_eye, layout_gridville, temple_doors_e, serial_glass,
          glass_columns_c, glass_columns_c, glass_columns_b, glass_columns_b,
          glass_columns_a, glass_columns_a, glass_columns_a, glass_columns_b,
          glass_columns_c, glass_columns_a, uniq_prince_ribbit1
D:6:      layout_basic, lemuel_round_altar, serial_shops, kennysheep_mini_moat,
          serial_bayou_crossing
D:7:      layout_basic, serial_bayou_lake_a, uniq_pikel, uniq_joseph
D:8:      layout_basic, mainiacjoe_overflow_surrounded_room, erik_lair_island,
          enter_bailey_2
Bailey:   bailey_axe_minmay_hex_keep, bailey

Skill      XL: |  1  2  3  4  5  6  7  8  9 10 |
---------------+-------------------------------+-----
Evocations     | 4 |  4.4
Necromancy     | 1 3 4 6 8 10 12 | 12.0
Spellcasting   | 2 4 |  4.0
Dodging        | 3 |  3.7
Poison Magic   | 4 8 |  8.1
Fighting       | |  1.0
Armour         | |  2.1
Stealth        | |  1.0

Action                   |  1- 3 |  4- 6 |  7- 9 | 10-12 || total
-------------------------+-------+-------+-------+-------++-------
Melee: Club              |    15 |       |       |       ||    15
       Kick              |    27 |    45 |    35 |     1 ||   108
       Peck              |    15 |    27 |    23 |     2 ||    67
       Staff             |   113 |   163 |    84 |     6 ||   366
       Flail             |       |       |     5 |       ||     5
       Great sword       |       |       |    32 |     4 ||    36
 Cast: Vampiric Draining |       |     3 |    26 |     4 ||    33
       Poisonous Vapours |       |       |       |    18 ||    18
       Olgreb's Toxic Ra |       |       |       |     8 ||     8
Invok: Recall Ancestor   |       |     4 |    11 |       ||    15
       Ancestor Life: Kn |       |       |     1 |       ||     1
Evoke: Wand              |     2 |    12 |    11 |     2 ||    27
       Piece from Xom's  |       |     2 |     4 |       ||     6
  Use: Scroll            |       |       |     7 |       ||     7
 Stab: Sleeping          |     1 |     2 |       |       ||     3
       Distracted        |       |       |     1 |       ||     1
       Petrifying        |       |       |     1 |       ||     1
Armor: Leather armour    |    41 |    44 |    35 |       ||   120
       Robe              |       |       |     1 |     1 ||     2
Dodge: Dodged            |    95 |    79 |   100 |    14 ||   288
Block: Other             |       |    16 |    41 |     4 ||    61
       Reflection        |       |       |     1 |     1 ||     2

Table legend: (Time is in decaauts)
 A = Elapsed time spent in this place.
 B = Non-inter-level travel time spent in this place.
 C = Inter-level travel time spent in this place.
 D = Time resting spent in this place.
 E = Time spent auto-exploring this place.
 F = Levels seen in this place.
 G = Mean time per level.
                   A        B        C        D        E       F      G
               +--------+--------+--------+--------+--------+-----+--------+
         Total |  12519 |  11855 |    664 |   4132 |   5063 |   9 | 1391.0 |
       Dungeon |  11976 |  11312 |    664 |   3962 |   5063 |   8 | 1497.0 |
        Bailey |    542 |    542 |      0 |    170 |      0 |   1 |  542.0 |
               +--------+--------+--------+--------+--------+-----+--------+

Top non-repeatable levels by time:
     D:2: 2839 daAuts
     D:1: 1981 daAuts
     D:6: 1676 daAuts
     D:4: 1430 daAuts
     D:3: 1407 daAuts
     D:5: 1197 daAuts
     D:7: 1153 daAuts
  Bailey: 542 daAuts
     D:8: 289 daAuts
